 Dungeon Crawl Stone Soup version 0.31-a0-174-g85c54bcb58 (webtiles) character file.

Game seed: 13018067274797480115

2823 qw the Skirmisher (level 9, -3/82 HPs)
             Began as a Naga Hunter on June 15, 2023.
             Was a Believer of Okawaru.
             Slain by a skeletal warrior
             ... wielding a +0 battleaxe
              (8 damage)
             ... on level 8 of the Dungeon.
             The game lasted 00:02:14 (6842 turns).

qw the Skirmisher (Naga Hunter)                     Turns: 6842, Time: 00:02:14

Health: -3/82      AC: 13    Str: 13    XL:     9   Next: 73%
Magic:  11/12      EV: 14    Int:  9    God:    Okawaru [**....]
Gold:   368        SH:  0    Dex: 20    Spells: 8/8 levels left

rFire   + . .        Y - +1 arbalest (freeze)
rCold   + . .        (shield currently unavailable)
rNeg    . . .        j - +2 leather armour {rC+}
rPois   +            (no helmet)
rElec   .            k - +0 cloak
rCorr   .            f - +0 pair of gloves
SInv    +            (no barding)
Will    +....        a - amulet of faith
Stlth   +++          m - +4 ring of protection
HPRegen 0.33/turn    d - ring of protection from fire
MPRegen 0.13/turn

%: faith
@: about to teleport, heroic, very slow
A: AC +3, large, see invisible, deformed body, poison resistance, slowness 2,
spit poison 1, naga tail 1
a: Spit Poison, Renounce Religion, Heroism


You were on level 8 of the Dungeon.
You worshipped Okawaru.
Okawaru was pleased with you.
You visited 2 branches of the dungeon, and saw 9 of its levels.

You collected 434 gold pieces.
You spent 66 gold pieces at shops.


Innate Abilities, Weirdness & Mutations

Your serpentine skin is tough. (AC +3)
You have supernaturally acute eyesight. (SInv)
Armour fits poorly on your strangely shaped body.
Your system is resistant to poisons. (rPois)
You cover ground very slowly.
You can spit poison.
You have a snake-like lower body.


   Skills:
 + Level 6.1(11.1) Fighting
 - Level 10.1(15.1) Ranged Weapons
 - Level 1.3(6.3) Armour
 - Level 3.1(8.1) Dodging
 - Level 1.5(6.5) Stealth
 - Level 4.2 Invocations


You had 8 spell levels left.
You didn't know any spells.
Your spell library was empty.

Inventory:

Hand Weapons
 Y - a +1 arbalest of freezing (weapon)
Armour
 f - a +0 pair of gloves (worn)
 j - a +2 leather armour of cold resistance (worn)
 k - a +0 cloak (worn)
Jewellery
 a - an amulet of faith (around neck)
 d - a ring of protection from fire (right hand)
 m - a +4 ring of protection (left hand)
Scrolls
 l - a scroll of identify
Potions
 b - a potion of resistance
 c - a potion of mutation {unknown}
 e - a potion of magic {unknown}
 g - 2 potions of might
 h - a potion of curing
 i - a potion of ambrosia {unknown}

Dungeon Overview and Level Annotations

Branches:
Dungeon (8/15)             Temple (1/1) D:5
   Lair: D:8-11

Altars:
Ashenzari
Cheibriados
Dithmenos
Fedhas
Gozag
Hepliaklqana
Kikubaaqudgha
Makhleb
Okawaru
Ru
Sif Muna
Trog
Uskayaw
Wu Jian
Xom
Yredelemnul
Zin
The Shining One

Shops:
D:2 *   D:3 (   D:7 =

Annotations:
D:3 1 runed translucent door, qw's ghost, amateur NaHu


Message History

The orc shouts!
The bolt hits the skeletal warrior but does no damage.
The skeletal warrior is moderately damaged.
You hear a shout! x2
You shoot a bolt.
The bolt hits the skeletal warrior but does no damage.
The skeletal warrior is moderately damaged.
You shoot a bolt. The bolt hits the skeletal warrior.
The bolt freezes the skeletal warrior.
The skeletal warrior is heavily damaged.
The skeletal warrior hits you with a +0 flail.
You shoot a bolt.
The bolt hits the skeletal warrior but does no damage.
The skeletal warrior is heavily damaged.
The skeletal warrior hits you with a +0 flail!!
The skeletal warrior misses you.
You shoot a bolt.
The bolt hits the skeletal warrior but does no damage.
The skeletal warrior is moderately damaged.
You shoot a bolt.
The bolt barely misses the skeletal warrior.
The skeletal warrior closely misses you.
You shoot a bolt. The bolt hits the skeletal warrior.
The bolt freezes the skeletal warrior.
The skeletal warrior is heavily damaged.
The skeletal warrior hits you with a +0 battleaxe!
The skeletal warrior hits you with a +0 flail!!
You shoot a bolt.
The bolt closely misses the skeletal warrior.
The skeletal warrior closely misses you.
The skeletal warrior hits you with a +0 flail!!
6841 ||| READING scroll of teleportation.
As you read the scroll of teleportation, it crumbles to dust.
You feel strangely unstable.
The skeletal warrior closely misses you. x2
You shoot a bolt. The bolt hits the skeletal warrior!!
The bolt freezes the skeletal warrior.
The skeletal warrior is almost destroyed.
The skeletal warrior hits you with a +0 battleaxe!
You die...

#### ####### ##....
#.....# ##.....
#.....####..#.#
#............. ###....#
##.[#
######.....####.z#######
........<.......@zo?....
##......######.########.
...###.#####...########.
. #.........[..)......
####..#####.#...###....
#.....# ##.#.### #
##....#####..#.#
...............#
.#.......(.#####


You could see 2 skeletal warriors and an orc.

Vanquished Creatures
  A skeletal warrior (D:8)
  A wyvern (D:7)
  Edmund (D:6)
  A water moccasin (D:7)
  A black bear (D:7)
  2 sky beasts
  An ice beast (D:6)
  2 phantoms
  A kobold brigand (D:6)
  3 bullfrogs
  2 scorpions
  A gnoll sergeant (D:6)
  3 wights
  3 howler monkeys
  4 hounds
  A jelly (D:7)
  An orc priest (D:7)
  A gnoll bouda (D:7)
  2 iguanas
  5 orc wizards
  12 gnolls
  12 adders
  A shadow imp (D:8)
  A white imp (D:7)
  5 ufetubi
  A worm (D:2)
  4 dart slugs
  12 orcs
  4 ball pythons
  8 bats
  4 endoplasms
  4 giant cockroaches
  7 goblins
  11 hobgoblins
  2 jackals (D:2)
  8 kobolds
  2 quokkas (D:4)
  2 frilled lizards (D:1)
  4 rats
141 creatures vanquished.

Notes
Turn   | Place    | Note
-------+----------+-------------------------------------------
     0 | D:1      | qw the Naga Hunter began the quest for the Orb.
     0 | D:1      | Reached XP level 1. HP: 19/19 MP: 1/1
     0 | D:1      | 0 ||| qw: Version: 0.2-a-29-g511e9b1
     0 | D:1      | 0 ||| qw: Game counter: 5249
     0 | D:1      | 0 ||| qw: Always use a shield: true
     0 | D:1      | 0 ||| qw: God list: Okawaru
     0 | D:1      | 0 ||| qw: Allow faded altars: false
     0 | D:1      | 0 ||| qw: Do Orc after D:15 true
     0 | D:1      | 0 ||| qw: Do second Lair branch before Depths: true
     0 | D:1      | 0 ||| qw: Lair rune preference: random
     0 | D:1      | 0 ||| qw: Plans: Normal
     0 | D:1      | 0 ||| PLANNING D:1-11
    93 | D:1      | 93 ||| INVOKING Spit Poison.
    97 | D:1      | 97 ||| INVOKING Spit Poison.
   103 | D:1      | 103 ||| INVOKING Spit Poison.
   164 | D:1      | 164 ||| INVOKING Spit Poison.
   169 | D:1      | 169 ||| INVOKING Spit Poison.
   200 | D:1      | 200 ||| INVOKING Spit Poison.
   203 | D:1      | 203 ||| INVOKING Spit Poison.
   204 | D:1      | Reached skill level 4 in Ranged Weapons
   204 | D:1      | Reached XP level 2. HP: 26/26 MP: 2/2
   212 | D:1      | You fall into a shaft and drop 1 floor!
   212 | D:2      | Found a faded altar of an unknown god.
   216 | D:2      | 216 ||| INVOKING Spit Poison.
   227 | D:2      | 227 ||| UPGRADING to +0 pair of gloves.
   232 | D:2      | 232 ||| READING scroll labelled GURPHU TEOQECWY.
   233 | D:2      | 233 ||| DROPPING scroll of butterflies.
   330 | D:1      | 330 ||| INVOKING Spit Poison.
   395 | D:1      | 395 ||| INVOKING Spit Poison.
   405 | D:1      | 405 ||| INVOKING Spit Poison.
   412 | D:1      | 412 ||| INVOKING Spit Poison.
   415 | D:1      | 415 ||| INVOKING Spit Poison.
   479 | D:1      | Reached XP level 3. HP: 32/32 MP: 3/3
   484 | D:1      | 484 ||| INVOKING Spit Poison.
   561 | D:1      | 561 ||| INVOKING Spit Poison.
   609 | D:1      | 609 ||| INVOKING Spit Poison.
   615 | D:1      | 615 ||| INVOKING Spit Poison.
   621 | D:1      | 621 ||| INVOKING Spit Poison.
   675 | D:1      | 675 ||| READING scroll labelled LOFAF CA ATH.
   676 | D:1      | 676 ||| READING scroll labelled EKAFYN SIESOQE.
   677 | D:1      | 677 ||| READING scroll labelled LAEQUENLOU.
   740 | D:2      | 740 ||| INVOKING Spit Poison.
   746 | D:2      | 746 ||| INVOKING Spit Poison.
   750 | D:2      | 750 ||| INVOKING Spit Poison.
   819 | D:2      | 819 ||| INVOKING Spit Poison.
   825 | D:2      | Reached skill level 5 in Ranged Weapons
   825 | D:2      | Reached XP level 4. HP: 39/39 MP: 4/4
   825 | D:2      | 825 ||| INVOKING Spit Poison.
   832 | D:2      | 832 ||| INVOKING Spit Poison.
   913 | D:2      | 913 ||| INVOKING Spit Poison.
   921 | D:2      | Found Izairyot's Assorted Antiques.
   926 | D:2      | 926 ||| SHOPLISTING bone wand (96 gold, have 89).
   926 | D:2      | 926 ||| BUYING golden potion (21 gold).
   926 | D:2      | Bought a golden potion for 21 gold pieces
   926 | D:2      | 926 ||| BUYING red potion (21 gold).
   926 | D:2      | Bought a red potion for 21 gold pieces
   926 | D:2      | 926 ||| BUYING scroll labelled NAESKICV IDODO (24 gold).
   926 | D:2      | Bought a scroll labelled NAESKICV IDODO for 24 gold pieces
   926 | D:2      | 926 ||| SHOPLISTING scroll of identify (48 gold, have 23).
   926 | D:2      | 926 ||| SHOPLISTING scroll of teleportation (72 gold, have
                  | 23).
   951 | D:2      | Found a shimmering blue altar of Sif Muna.
   978 | D:2      | 978 ||| INVOKING Spit Poison.
  1045 | D:2      | 1045 ||| INVOKING Spit Poison.
  1050 | D:2      | 1050 ||| INVOKING Spit Poison.
  1065 | D:2      | 1065 ||| INVOKING Spit Poison.
  1066 | D:2      | Reached skill level 3 in Fighting
  1071 | D:2      | 1071 ||| INVOKING Spit Poison.
  1285 | D:2      | 1285 ||| INVOKING Spit Poison.
  1290 | D:2      | 1290 ||| INVOKING Spit Poison.
  1321 | D:2      | 1321 ||| INVOKING Spit Poison.
  1322 | D:2      | 1322 ||| INVOKING Spit Poison.
  1356 | D:2      | 1356 ||| INVOKING Spit Poison.
  1436 | D:2      | 1436 ||| READING scroll labelled HIGHOOGRADIU.
  1437 | D:2      | 1437 ||| READING scroll labelled NAESKICV IDODO.
  1438 | D:2      | 1438 ||| READING scroll labelled MURCHE TEKENIO.
  1438 | D:2      | Identified a scroll of acquirement
  1438 | D:2      | 1438 ||| ACQUIRING amulet of faith
  1438 | D:2      | Acquired an amulet of faith
  1440 | D:2      | 1440 ||| UPGRADING to amulet of faith.
  1445 | D:2      | 1445 ||| DRINKING 2 metallic red potions.
  1446 | D:2      | 1446 ||| DRINKING 3 glowing inky potions.
  1447 | D:2      | 1447 ||| DROPPING 2 potions of degeneration.
  1487 | D:3      | 1487 ||| INVOKING Spit Poison.
  1496 | D:3      | 1496 ||| INVOKING Spit Poison.
  1497 | D:3      | Reached XP level 5. HP: 47/49 MP: 5/5
  1553 | D:3      | 1553 ||| INVOKING Spit Poison.
  1562 | D:3      | 1562 ||| INVOKING Spit Poison.
  1570 | D:3      | 1570 ||| INVOKING Spit Poison.
  1620 | D:3      | Found Zugainki's Antique Weapon Boutique.
  1622 | D:3      | 1622 ||| INVOKING Spit Poison.
  1670 | D:3      | 1670 ||| INVOKING Spit Poison.
  1677 | D:3      | 1677 ||| INVOKING Spit Poison.
  1759 | D:3      | Noticed qw's ghost (amateur NaHu)
  1761 | D:3      | Found a runed translucent door.
  1779 | D:3      | 1779 ||| INVOKING Spit Poison.
  1782 | D:3      | 1782 ||| INVOKING Spit Poison.
  1801 | D:3      | 1801 ||| INVOKING Spit Poison.
  1806 | D:3      | 1806 ||| INVOKING Spit Poison.
  1824 | D:3      | 1824 ||| INVOKING Spit Poison.
  1883 | D:3      | 1883 ||| INVOKING Spit Poison.
  1937 | D:3      | 1937 ||| INVOKING Spit Poison.
  1978 | D:3      | 1978 ||| READING scroll of enchant weapon.
  1978 | D:3      | 1978 ||| ENCHANTING +1 shortbow.
  2033 | D:3      | Found a shimmering altar of Xom.
  2034 | D:3      | 2034 ||| UPGRADING to +0 arbalest.
  2035 | D:3      | 2035 ||| DROPPING +2 shortbow.
  2176 | D:3      | 2176 ||| UPGRADING to +0 cloak.
  2181 | D:3      | 2181 ||| READING scroll labelled PAMOSKIECRI.
  2182 | D:3      | 2182 ||| READING scroll labelled DOC XEWEFUX.
  2183 | D:3      | 2183 ||| DRINKING 2 murky green potions.
  2184 | D:3      | 2184 ||| DRINKING 3 red potions.
  2185 | D:3      | 2185 ||| DROPPING 2 potions of brilliance.
  2193 | D:4      | Found a hazy altar of Hepliaklqana.
  2209 | D:4      | 2209 ||| INVOKING Spit Poison.
  2250 | D:4      | 2250 ||| INVOKING Spit Poison.
  2310 | D:4      | 2310 ||| INVOKING Spit Poison.
  2317 | D:4      | Reached skill level 6 in Ranged Weapons
  2406 | D:4      | 2406 ||| INVOKING Spit Poison.
  2411 | D:4      | Reached XP level 6. HP: 57/57 MP: 6/6
  2512 | D:4      | 2512 ||| INVOKING Spit Poison.
  2541 | D:4      | 2541 ||| INVOKING Spit Poison.
  2542 | D:4      | Found a glowing golden altar of the Shining One.
  2587 | D:4      | 2587 ||| READING scroll of enchant weapon.
  2587 | D:4      | 2587 ||| ENCHANTING +0 arbalest of electrocution.
  2671 | D:4      | 2671 ||| UPGRADING to +4 ring of protection.
  2672 | D:4      | 2672 ||| READING scroll labelled ZOWAUNNEISU.
  2673 | D:4      | 2673 ||| DRINKING 2 lumpy blue potions.
  2777 | D:4      | 2777 ||| DRINKING 2 fizzy silvery potions.
  2820 | D:4      | 2820 ||| DROPPING potion of berserk rage.
  2821 | D:4      | 2821 ||| DROPPING potion of lignification.
  2826 | D:5      | Entered Level 5 of the Dungeon
  2827 | D:5      | 2827 ||| INVOKING Spit Poison.
  2897 | D:5      | 2897 ||| INVOKING Spit Poison.
  2916 | D:5      | Reached XP level 7. HP: 64/64 MP: 7/7
  3045 | D:5      | Found a staircase to the Ecumenical Temple.
  3046 | D:5      | 3046 ||| PLANNING TEMPLE
  3046 | D:5      | 3046 ||| READING scroll labelled OPHUGE KUCS.
  3054 | Temple   | Entered the Ecumenical Temple
  3061 | Temple   | 3061 ||| PLANNING OKAWARU WORSHIP
  3091 | Temple   | Became a worshipper of Warmaster Okawaru
  3092 | Temple   | 3092 ||| PLANNING D:1-11
  3359 | D:5      | Found a sacrificial altar of Ru.
  3430 | D:5      | 3430 ||| INVOKING Spit Poison.
  3461 | D:5      | 3461 ||| INVOKING Spit Poison.
  3464 | D:5      | 3464 ||| Stepping ~*~*~tactically~*~*~ (outnumbered).
  3465 | D:5      | 3465 ||| INVOKING Spit Poison.
  3466 | D:5      | 3466 ||| Stepping ~*~*~tactically~*~*~ (outnumbered).
  3469 | D:5      | 3469 ||| INVOKING Spit Poison.
  3566 | D:5      | 3566 ||| INVOKING Spit Poison.
  3752 | D:5      | 3752 ||| READING scroll of brand weapon.
  3752 | D:5      | 3752 ||| BRANDING +1 arbalest of electrocution.
  3776 | D:5      | 3776 ||| INVOKING Spit Poison.
  3784 | D:5      | 3784 ||| UPGRADING to ring of protection from fire.
  3785 | D:5      | 3785 ||| READING 2 scrolls of identify.
  3785 | D:5      | 3785 ||| IDENTIFYING golden potion
  3819 | D:6      | 3819 ||| INVOKING Spit Poison.
  3831 | D:6      | 3831 ||| INVOKING Spit Poison.
  3862 | D:6      | Reached skill level 7 in Ranged Weapons
  3870 | D:6      | 3870 ||| INVOKING Spit Poison.
  3871 | D:6      | Reached * piety under Okawaru
  3872 | D:6      | Reached skill level 1 in Armour
  3872 | D:6      | 3872 ||| INVOKING Heroism.
  3874 | D:6      | 3874 ||| INVOKING Spit Poison.
  3877 | D:6      | 3877 ||| INVOKING Spit Poison.
  3878 | D:6      | Reached skill level 1 in Invocations
  3884 | D:6      | 3884 ||| INVOKING Heroism.
  3961 | D:6      | 3961 ||| INVOKING Spit Poison.
  4013 | D:6      | 4013 ||| INVOKING Spit Poison.
  4018 | D:6      | Reached XP level 8. HP: 72/72 MP: 7/9
  4018 | D:6      | 4018 ||| INVOKING Spit Poison.
  4047 | D:6      | 4047 ||| INVOKING Spit Poison.
  4057 | D:6      | 4057 ||| INVOKING Spit Poison.
  4068 | D:6      | 4068 ||| INVOKING Spit Poison.
  4074 | D:6      | 4074 ||| INVOKING Spit Poison.
  4183 | D:6      | Found a glowing silver altar of Zin.
  4433 | D:6      | Identified the +0 leather armour of Declegiha {Int+4
                  | Slay-3}
  4493 | D:6      | Noticed Edmund
  4494 | D:6      | 4494 ||| INVOKING Heroism.
  4495 | D:6      | 4495 ||| INVOKING Spit Poison.
  4498 | D:6      | Killed Edmund
  4499 | D:6      | Reached skill level 3 in Invocations
  4543 | D:6      | 4543 ||| INVOKING Spit Poison.
  4544 | D:6      | Reached skill level 8 in Ranged Weapons
  4601 | D:6      | 4601 ||| INVOKING Spit Poison.
  5013 | D:6      | 5013 ||| DROPPING +0 leather armour of Declegiha {Int+4
                  | Slay-3}.
  5014 | D:6      | 5014 ||| UPGRADING to +2 leather armour of cold resistance.
  5024 | D:6      | 5024 ||| DROPPING +0 leather armour.
  5310 | D:7      | 5310 ||| INVOKING Spit Poison.
  5312 | D:7      | 5312 ||| STAIRDANCE
  5314 | D:6      | 5314 ||| INVOKING Heroism.
  5315 | D:6      | 5315 ||| INVOKING Spit Poison.
  5337 | D:6      | 5337 ||| INVOKING Heroism.
  5338 | D:6      | 5338 ||| INVOKING Spit Poison.
  5459 | D:7      | 5459 ||| STAIRDANCE
  5523 | D:7      | Reached ** piety under Okawaru
  5562 | D:7      | 5562 ||| INVOKING Heroism.
  5564 | D:7      | Reached XP level 9. HP: 46/81 MP: 9/12
  5569 | D:7      | 5569 ||| INVOKING Spit Poison.
  5681 | D:7      | Found Lufaniang's Jewellery Boutique.
  5692 | D:7      | 5692 ||| SHOPLISTING +5 ring of evasion (576 gold, have
                  | 297).
  5692 | D:7      | 5692 ||| SHOPLISTING +6 ring of dexterity (576 gold, have
                  | 297).
  5692 | D:7      | 5692 ||| SHOPLISTING amulet of reflection (480 gold, have
                  | 297).
  5692 | D:7      | 5692 ||| SHOPLISTING amulet of regeneration (480 gold, have
                  | 297).
  5692 | D:7      | 5692 ||| SHOPLISTING ring of ice (400 gold, have 297).
  5692 | D:7      | 5692 ||| SHOPLISTING ring of positive energy (320 gold,
                  | have 297).
  5692 | D:7      | 5692 ||| SHOPLISTING ring of willpower (400 gold, have
                  | 297).
  5697 | D:7      | 5697 ||| INVOKING Heroism.
  5700 | D:7      | Reached skill level 9 in Ranged Weapons
  5755 | D:7      | 5755 ||| INVOKING Spit Poison.
  5787 | D:7      | 5787 ||| INVOKING Spit Poison.
  5788 | D:7      | 5788 ||| INVOKING Heroism.
  5793 | D:7      | 5793 ||| INVOKING Spit Poison.
  5796 | D:7      | 5796 ||| INVOKING Spit Poison.
  5810 | D:7      | 5810 ||| INVOKING Heroism.
  5811 | D:7      | 5811 ||| INVOKING Spit Poison.
  5938 | D:7      | 5938 ||| INVOKING Spit Poison.
  5940 | D:7      | Reached skill level 3 in Dodging
  5950 | D:7      | Found a hide-covered altar of Uskayaw.
  5964 | D:7      | 5964 ||| INVOKING Spit Poison.
  6028 | D:7      | 6028 ||| INVOKING Spit Poison.
  6030 | D:7      | Found a shadowy altar of Dithmenos.
  6032 | D:7      | 6032 ||| DRINKING 2 potions of curing.
  6032 | D:7      | 6032 ||| (to cure confusion)
  6033 | D:7      | 6033 ||| INVOKING Spit Poison.
  6036 | D:7      | 6036 ||| INVOKING Spit Poison.
  6061 | D:7      | 6061 ||| INVOKING Spit Poison.
  6104 | D:7      | 6104 ||| INVOKING Spit Poison.
  6107 | D:7      | 6107 ||| INVOKING Spit Poison.
  6109 | D:7      | Reached skill level 6 in Fighting
  6161 | D:7      | Found a snail-covered altar of Cheibriados.
  6389 | D:7      | 6389 ||| INVOKING Heroism.
  6390 | D:7      | 6390 ||| INVOKING Spit Poison.
  6442 | D:7      | 6442 ||| INVOKING Spit Poison.
  6450 | D:7      | Identified the +9 rapier "Goblinslayer" {vamp, rPois rN+
                  | Will- Dex+5}
  6475 | D:7      | 6475 ||| INVOKING Spit Poison.
  6541 | D:7      | 6541 ||| INVOKING Spit Poison.
  6544 | D:7      | 6544 ||| INVOKING Spit Poison.
  6655 | D:8      | Noticed a skeletal warrior
  6656 | D:8      | 6656 ||| INVOKING Heroism.
  6670 | D:8      | Killed a skeletal warrior
  6671 | D:8      | Reached skill level 10 in Ranged Weapons
  6671 | D:8      | 6671 ||| FLEEEEING.
  6680 | D:8      | 6680 ||| STAIRDANCE
  6830 | D:8      | Noticed a skeletal warrior
  6831 | D:8      | 6831 ||| INVOKING Heroism.
  6832 | D:8      | Noticed a skeletal warrior
  6840 | D:8      | HP: 4/82 [skeletal warrior/+0 flail (18)]
  6841 | D:8      | 6841 ||| READING scroll of teleportation.
  6842 | D:8      | Slain by a skeletal warrior

Levels and vault maps discovered:
D:1:      dpeg_arrival_oval, layout_basic
D:2:      layout_loops_cross, basic_altar, hellmonk_ecumenical_altar_zigzags,
          serial_shops, shop, amcnicky_mini_pool_small, minmay_misc_feat_rugged
D:3:      layout_loops_ring, lemuel_coloured_pillars_altar, serial_shops,
          nicolae_diamond_shop, hellmonk_ghost_happy_afterlife
D:4:      layout_basic, marbit_many_paths, mainiacjoe_overflow_small_starburst
D:5:      layout_loops_corners, nicolae_ru_awakened_eye,
          minmay_temple_entry_overgrown
D:6:      layout_basic, mainiacjoe_overflow_alcove_2, nicolae_grassy_gnolls,
          uniq_edmund
D:7:      layout_basic, mainiacjoe_overflow_tiny_flanked,
          grunt_dithmenos_smoke_and_mirrors,
          nicolae_uskayaw_murder_on_the_dancefloor, serial_shops,
          nicolae_shop_advertising_works [nicolae_subvault_shop_adworks],
          nicolae_figureground_sparkle
D:8:      layout_rooms, general_overflow_altar, serial_shops, shop,
          kennysheep_dice
Temple:   nicolae_temple_ecumenical_triangle

Skill      XL: |  1  2  3  4  5  6  7  8  9 |
---------------+----------------------------+-----
Ranged Weapons | 4 5 6 7 8 10 | 10.1
Fighting       | 3 4 5 6 |  6.1
Dodging        | 2 3 |  3.1
Armour         | 1 |  1.3
Invocations    | 1 4 |  4.2
Stealth        | |  1.5

Action                     |  1- 3 |  4- 6 |  7- 9 || total
---------------------------+-------+-------+-------++-------
   Fire: Shortbow          |    52 |    51 |       ||   103
         Arbalest          |       |    19 |   158 ||   177
 Invoke: Heroism           |       |       |    12 ||    12
Ability: Spit Poison       |    22 |    35 |    43 ||   100
    Use: Scroll            |     4 |     8 |     4 ||    16
         Potion            |       |     6 |     1 ||     7
 Armour: Leather armour    |     7 |     5 |    42 ||    54
  Dodge: Dodged            |    13 |    18 |    54 ||    85

Table legend:
 A = Non-vault XP
 B = Vault XP
 C = Vault XP percentage of total XP
 D = Non-vault monster count
 E = Vault monster count
 F = Vault count percentage of total count
                 A         B        C        D         E       F
            +---------+---------+-------+---------+---------+-------
      Total |    3749 |     285 |   7.1 |     135 |       6 |   4.3
            +---------+---------+-------+---------+---------+-------
        D:1 |      36 |       0 |   0.0 |      20 |       0 |   0.0
        D:2 |     124 |       0 |   0.0 |      19 |       0 |   0.0
        D:3 |      81 |       0 |   0.0 |      20 |       0 |   0.0
        D:4 |     221 |       2 |   0.9 |      10 |       1 |   9.1
        D:5 |     350 |       0 |   0.0 |      13 |       0 |   0.0
        D:6 |    1037 |     283 |  21.4 |      24 |       5 |  17.2
        D:7 |    1153 |       0 |   0.0 |      27 |       0 |   0.0
        D:8 |     747 |       0 |   0.0 |       2 |       0 |   0.0
            +---------+---------+-------+---------+---------+-------
